cohdb
Replays
Latest Replays
All Replays
Popular Replays
Top Player Replays
Match Explorer
How It Works
Community
CoH3 Stats
Reddit
Sign in to upload your games and track your stats! →
Sign in with Steam
Match 47431321
Unlisted
Match 47431321
Overview
Messages
Build Orders
End
Construct Infanterie Kompanie
Selects Italian Coastal Battlegroup
Selects Coastal Reserves
Coastal Reserve
MG 42 Machine Gun Team
Coastal Reserve
Construct Panzergrenadier Kompanie
MG 42 Bunker
Pak 40 Anti-tank Gun Team
MG 42 Bunker
Selects Artillery Officer
Artillery Officer
Construct Panzer Kompanie
MG 42 Bunker
Panzer IV Medium Tank
Panzer IV Medium Tank
Selects Obice da 210/22 Artillery Emplacement
Side Skirts
Selects Support Bunkers
AD
Gear-IV-D
浮生
她说是扣破的
椎名立希
Sabersama
佛系玩家
Erious
0
0
Comments
sign in to comment!
No comments posted yet!